AoeStats
← I3OPOH

Arena

510625458Analyzed
1v1 RM · 1d ago on Oct 1, 2026· 45m 16s· 2 players
Game mode
Random Map
Map size
Tiny (2 player)
Population
200
Speed
Normal
Resources
Standard
Victory
Conquest
Starting age
Dark Age
Ending age
Imperial Age
RankedLock teamsTeams togetherTeam positionsShared explorationLock speedFull tech treeHidden civsTurbo modeCheats
Victory
Defeat
🇨🇱 Huns · Chile
787
+15
🇲🇩 Portuguese · Moldova
770
-38
I3OPOH
7:15 Loom
10:57 Feudal Age
17:57 Castle Age
16:58 Horse Collar
17:11 Double-Bit Axe
19:15 Wheelbarrow
21:20 Hand Cart
22:22 Stone Mining
22:37 Gold Mining
22:41 Town Watch
24:22 Bow Saw
28:54 Town Patrol
30:52 Circumnavigation
30:58 Circumnavigation
34:52 Ballistics
34:34 Murder Holes
37:26 Imperial Age
38:49 Horse Collar
38:47 Elite Organ Gun
41:19 Scale Barding Armor
41:26 Forging
43:26 Arquebus
Sebastián
9:57 Feudal Age
10:26 Horse Collar
10:34 Double-Bit Axe
19:31 Castle Age
17:56 Stone Mining
19:46 Forging
20:31 Heavy Plow
19:58 Pikeman
21:10 Scale Mail Armor
21:40 Bow Saw
22:54 Gold Mining
24:14 Gold Shaft Mining
25:27 Iron Casting
28:18 Ballistics
27:54 Murder Holes
28:13 Masonry
32:45 Imperial Age
30:43 Marauders
30:40 Loom
31:30 Wheelbarrow
30:40 Town Watch
32:00 Scale Barding Armor
32:56 Bloodlines
32:47 Husbandry
33:17 Chain Barding Armor
33:41 Hand Cart
33:02 Elite Tarkan
34:03 Conscription
35:00 Blast Furnace
36:21 Plate Barding Armor
43:01 Thumb Ring
42:53 Fletching
43:03 Padded Archer Armor
44:06 Elite Skirmisher
Connection lost

Rejoining the realm…

Still unreachable

The connection could not be restored.

Session expired

The server has moved on; the page needs a fresh start.